[Event "Titled Tuesday Blitz May 16 Early 2023"]
[White "Jaskolka, Tomasz"]
[Black "Marcziter, Dmitrii"]
[WhiteFideId "1170791"]
[BlackFideId "13900765"]
[WhiteElo "2155"]
[BlackElo "2162"]
[Result "1-0"]
[Round "03"]
[TimeControl "180+2"]
[Date "2023.05.16"]
[WhiteClock "0:00:07"]
[BlackClock "0:00:00"]

1. d4 d5 2. Nc3 Bf5 3. Bf4 c6 4. f3 Nf6 5. e3 e6 6. g4 Bg6 7. h4 h6 8. Bd3 Bxd3 9. Qxd3 Bb4 10. Ne2 Nbd7 11. a3 Be7 12. Ng3 c5 13. Nb5 O-O 14. g5 Nh7 15. gxh6 g6 16. O-O-O a6 17. Nc3 b5 18. dxc5 Nxc5 19. Qd4 f6 20. e4 e5 21. Bxe5 fxe5 22. Qxe5 Bf6 23. Qxd5+ Qxd5 24. Nxd5 Be5 25. Rhg1 Kf7 26. h5 g5 27. Nf5 Na4 28. b3 Nc5 29. f4 Bf6 30. e5 Bd8 31. Nd6+ Ke6 32. b4 Nd7 33. Ne4 Nb6 34. Nxb6 Bxb6 35. Rxg5 Nxg5 36. Nxg5+ Kf5 37. h7 Kxf4 38. Ne6+ Kxe5 39. Nxf8 Rxf8 40. Re1+ Kd6 41. Rd1+ Kc7 42. Re1 Kd7 43. Rd1+ Kc8 44. Re1 Rh8 45. Re6 Kc7 46. Re7+ Kc6 47. Rf7 Bd4 48. Kd2 Kd6 49. Kd3 Bb2 50. c3 Bxa3 51. Ra7 1-0


[Site "https://www.chess.com"]

[Event "Titled Tuesday Blitz May 16 Early 2023"]
[White "Maung, Maung Kyaw Zaw Hein"]
[Black "Seinw1"]
[WhiteFideId "13001698"]
[WhiteElo "2019"]
[BlackElo "2566"]
[Result "0-1"]
[Round "03"]
[TimeControl "180+2"]
[Date "2023.05.16"]
[WhiteClock "0:00:16"]
[BlackClock "0:00:39"]

1. Nf3 Nf6 2. c4 e6 3. Nc3 d5 4. d4 c5 5. cxd5 cxd4 6. Nxd4 Nxd5 7. Nxd5 exd5 8. g3 Nc6 9. Bg2 Qb6 10. Nb3 Be6 11. O-O Rd8 12. Be3 d4 13. Bxc6+ bxc6 14. Nxd4 Bc5 15. Nxe6 Rxd1 16. Bxc5 Rxf1+ 17. Rxf1 Qa5 18. Nxg7+ Kd7 19. Rd1+ Kc8 20. b4 Qxa2 21. Nf5 Rd8 22. Ne7+ Kc7 23. Rxd8 Kxd8 24. Nxc6+ Kc7 25. Nxa7 Qxe2 26. b5 Kb7 27. b6 Qd1+ 28. Kg2 Qd5+ 0-1


[Site "https://www.chess.com"]

[Event "Titled Tuesday Blitz May 16 Early 2023"]
[White "Han, Yichen"]
[Black "Buscar, Michael"]
[WhiteFideId "1054430"]
[BlackFideId "2603616"]
[WhiteElo "2342"]
[BlackElo "2010"]
[Result "0-1"]
[Round "03"]
[TimeControl "180+2"]
[Date "2023.05.16"]
[WhiteClock "0:00:05"]
[BlackClock "0:00:07"]

1. e4 c5 2. Nf3 Nc6 3. d4 cxd4 4. Nxd4 Nf6 5. Nc3 e5 6. Ndb5 h6 7. Nd6+ Bxd6 8. Qxd6 Qe7 9. Qd1 d6 10. f3 O-O 11. Be3 Rd8 12. Qd2 Be6 13. Nd5 Bxd5 14. exd5 Nd4 15. c4 Nf5 16. Bd3 Nxe3 17. Qxe3 b5 18. b3 Rab8 19. O-O bxc4 20. bxc4 Rb2 21. Rfb1 Rdb8 22. Rxb2 Rxb2 23. Rb1 Rxb1+ 24. Bxb1 Qb7 25. Qc1 Nd7 26. Qc2 g6 27. h4 h5 28. Kh2 Qb4 29. g4 Qe1 30. Qa4 Qf2+ 31. Kh3 Qxf3+ 32. Kh2 Nf6 33. Qc2 Nxg4+ 34. Kg1 Ne3 35. Qd2 Qg3+ 36. Kh1 Ng4 37. Qg2 Qxh4+ 38. Kg1 Qe1+ 39. Qf1 Qxf1+ 40. Kxf1 Ne3+ 41. Ke2 Nxc4 42. Be4 Nb6 43. Bg2 f5 44. Kd2 e4 45. Ke3 Nxd5+ 46. Kd4 Nf4 47. Bf1 h4 48. Ke3 g5 49. a4 Kg7 50. a5 Kf6 51. Bb5 Ke5 52. Bd7 d5 53. a6 d4+ 54. Kf2 h3 55. Kg1 g4 56. Kh2 d3 57. Ba4 e3 58. Kg3 e2 59. Kf2 h2 60. Kg3 h1=Q 61. Bb5 Qh3+ 62. Kf2 Qf3+ 63. Ke1 Qf1+ 64. Kd2 e1=Q# 0-1


[Site "https://www.chess.com"]

[Event "Titled Tuesday Blitz May 16 Early 2023"]
[White "Labussiere, Yago"]
[Black "Filgueira, Hernan"]
[WhiteFideId "2186969"]
[BlackFideId "101770"]
[WhiteElo "2160"]
[BlackElo "2363"]
[Result "1-0"]
[Round "03"]
[TimeControl "180+2"]
[Date "2023.05.16"]
[WhiteClock "0:00:36"]
[BlackClock "0:00:00"]

1. c4 e5 2. Nc3 Nf6 3. Nf3 Nc6 4. e3 Be7 5. d4 exd4 6. exd4 d5 7. h3 O-O 8. Bd3 Re8 9. O-O h6 10. a3 a6 11. cxd5 Nxd5 12. Bc2 Be6 13. Qd3 Nf6 14. Bf4 Qd7 15. Rad1 Rad8 16. Ne5 Nxe5 17. Bxe5 g6 18. Qg3 Nh5 19. Qh2 c6 20. g4 Ng7 21. Ne4 Rf8 22. Qf4 f5 23. Qxh6 Rf7 24. Ng5 Bxg5 25. Qxg5 Kh7 26. Qh4+ Kg8 27. Qh6 fxg4 28. Bxg6 Bf5 29. Qh7+ Kf8 30. Qh8+ Ke7 31. Qh4+ Ke6 32. Rfe1 Kd5 33. Bxf7+ Qxf7 34. Qxd8+ Kc4 35. Qb6 1-0


[Site "https://www.chess.com"]

[Event "Titled Tuesday Blitz May 16 Early 2023"]
[White "Rosh Jain"]
[Black "Erzhanov, Arman"]
[WhiteFideId "25789465"]
[BlackFideId "4138821"]
[WhiteElo "2233"]
[BlackElo "2138"]
[Result "0-1"]
[Round "03"]
[TimeControl "180+2"]
[Date "2023.05.16"]
[WhiteClock "0:00:16"]
[BlackClock "0:00:56"]

1. e4 d6 2. d4 Nf6 3. Nc3 c6 4. f4 d5 5. e5 Ng8 6. Bd3 h5 7. Nf3 Nh6 8. h3 g6 9. Be3 Bf5 10. Qd2 Bxd3 11. Qxd3 e6 12. O-O-O h4 13. Ne2 Nf5 14. Bf2 Nd7 15. g4 hxg3 16. Nxg3 Nxg3 17. Bxg3 Qa5 18. Kb1 Be7 19. h4 O-O-O 20. Ng5 Rdf8 21. c3 Rh5 22. Qf3 Kb8 23. Bf2 Qd8 24. Rdf1 Qe8 25. Qg4 Rfh8 26. Be1 Nb6 27. Bd2 Bd8 28. Bc1 Nc4 29. b3 Nb6 30. Ba3 Be7 31. Bb2 Nc8 32. Rf3 Bf8 33. a4 Ne7 34. Ba3 Nf5 35. Bxf8 Qxf8 36. Rfh3 Kc8 37. Kb2 Kd8 38. Ka2 Ke8 39. Kb2 Qe7 40. Ka2 Kf8 41. Kb2 Kg7 42. Ka2 Qd8 43. b4 b6 44. Kb2 Qc7 45. Kc2 Rc8 46. Kd2 c5 47. Rg1 Qd7 48. Nxe6+ Qxe6 49. Qxh5 cxd4 50. Rf3 dxc3+ 51. Rxc3 Rxc3 52. Kxc3 d4+ 53. Kb2 d3 54. Qf3 Qc4 55. Rc1 Qxb4+ 56. Ka2 Qxa4+ 57. Kb2 Qb4+ 58. Ka1 Qa3+ 59. Kb1 Qb3+ 60. Ka1 Nd4 61. Qe4 Nc2+ 62. Rxc2 dxc2 63. Qe1 Qa3# 0-1


[Site "https://www.chess.com"]

[Event "Titled Tuesday Blitz May 16 Early 2023"]
[White "Manukyan, Sargis V."]
[Black "Sala, Giulia"]
[WhiteFideId "13303465"]
[BlackFideId "2840451"]
[WhiteElo "2236"]
[BlackElo "1769"]
[Result "1-0"]
[Round "03"]
[TimeControl "180+2"]
[Date "2023.05.16"]
[WhiteClock "0:00:45"]
[BlackClock "0:00:51"]

1. d4 d5 2. c4 c6 3. Nf3 Nf6 4. e3 e6 5. b3 Nbd7 6. Bb2 Be7 7. Bd3 O-O 8. O-O a6 9. Nc3 dxc4 10. bxc4 Qc7 11. e4 e5 12. d5 cxd5 13. Nxd5 Nxd5 14. cxd5 b5 15. a4 b4 16. a5 Nc5 17. Bxe5 Qd8 18. Nd4 f5 19. Nc6 Qe8 20. Bc4 Kh8 21. Qd4 Rg8 22. Nxe7 Qxe7 23. d6 Qa7 24. Bxg8 Kxg8 25. Rfc1 Nb3 26. Qd5+ 1-0


[Site "https://www.chess.com"]

[Event "Titled Tuesday Blitz May 16 Early 2023"]
[White "Kamalidenova, Meruert"]
[Black "Rosenberg, Evan S"]
[WhiteFideId "13712802"]
[BlackFideId "2019299"]
[WhiteElo "2361"]
[BlackElo "2287"]
[Result "1-0"]
[Round "03"]
[TimeControl "180+2"]
[Date "2023.05.16"]
[WhiteClock "0:01:13"]
[BlackClock "0:00:06"]

1. e4 e5 2. Nf3 Nc6 3. d4 exd4 4. Nxd4 Bb4+ 5. c3 Bc5 6. Be2 Qh4 7. O-O d6 8. g3 Qh3 9. Re1 Nge7 10. Bf1 Qd7 11. a4 a5 12. Nb5 O-O 13. Bg2 Ne5 14. Be3 Bxe3 15. Rxe3 Nc4 16. Re2 c6 17. Nd4 Ng6 18. b3 Nb6 19. Nd2 Qc7 20. h3 d5 21. exd5 Nxd5 22. Qc2 Bd7 23. Rae1 Rae8 24. Ne4 b6 25. Qd2 h6 26. c4 Nb4 27. c5 Rxe4 28. Rxe4 bxc5 29. Nf3 Bf5 30. Re8 Rxe8 31. Rxe8+ Kh7 32. Qc3 Qd7 33. Re1 Qd6 34. Ne5 Nxe5 35. Qxe5 Qg6 36. Qb8 Bc2 37. Re8 Qf6 38. Rh8+ Kg6 39. Rd8 h5 40. Rd6 1-0


[Site "https://www.chess.com"]

[Event "Titled Tuesday Blitz May 16 Early 2023"]
[White "Bruedigam, Martin"]
[Black "Goldin, Roman"]
[WhiteFideId "24608033"]
[BlackFideId "2803860"]
[WhiteElo "2331"]
[BlackElo "2312"]
[Result "1-0"]
[Round "03"]
[TimeControl "180+2"]
[Date "2023.05.16"]
[WhiteClock "0:00:13"]
[BlackClock "0:00:00"]

1. d4 Nf6 2. c4 Nc6 3. Nf3 d6 4. Nc3 Bg4 5. e3 e5 6. Be2 exd4 7. Nxd4 Bxe2 8. Ndxe2 g6 9. b3 Bg7 10. Bb2 O-O 11. O-O Re8 12. Rc1 a5 13. Qc2 Ne5 14. h3 Ned7 15. Rfd1 Nc5 16. Nf4 c6 17. Rd2 Qe7 18. Rcd1 Rad8 19. a3 h5 20. b4 axb4 21. axb4 Nce4 22. Nxe4 Nxe4 23. Rd3 Bxb2 24. Qxb2 Qh4 25. g3 Qe7 26. h4 Qd7 27. Kg2 Qf5 28. f3 Nf6 29. e4 Nxe4 30. fxe4 Qxe4+ 31. Rf3 Qxc4 32. Rd2 Re4 33. Nh3 Qxb4 34. Qxb4 Rxb4 35. Ng5 Rd7 36. Rdf2 f5 37. Re2 Kf8 38. Re6 Kg7 39. Rfe3 Rb2+ 40. Kf3 d5 41. Re7+ Rxe7 42. Rxe7+ Kf8 43. Rf7+ Ke8 44. Kf4 Rb4+ 45. Ke5 Kd8 46. Kd6 1-0


[Site "https://www.chess.com"]

[Event "Titled Tuesday Blitz May 16 Early 2023"]
[White "Jimenez Fernandez, Rebeca"]
[Black "Tologon tegin, Semetei"]
[WhiteFideId "32070934"]
[BlackFideId "13800574"]
[WhiteElo "2008"]
[BlackElo "2247"]
[Result "1-0"]
[Round "03"]
[TimeControl "180+2"]
[Date "2023.05.16"]
[WhiteClock "0:01:02"]
[BlackClock "0:00:20"]

1. e4 c5 2. Nc3 d6 3. g3 g6 4. Bg2 Bg7 5. d3 Nc6 6. Be3 e6 7. Qd2 Nd4 8. Nd1 h5 9. c3 Nc6 10. h3 Nge7 11. f4 b5 12. Nf3 b4 13. O-O bxc3 14. bxc3 Rb8 15. d4 cxd4 16. Nxd4 Ba6 17. Rf2 O-O 18. Nxc6 Nxc6 19. f5 Ne5 20. Bh6 Qb6 21. f6 Bxf6 22. Bxf8 Rxf8 23. Kh1 Bg7 24. Ne3 Rc8 25. Bf1 Bb7 26. Bg2 Nc4 27. Nxc4 Rxc4 28. Raf1 Bxc3 29. Qg5 Qc7 30. Rxf7 Qxf7 31. Qd8+ Kg7 32. Rxf7+ Kxf7 33. Qd7+ 1-0


[Site "https://www.chess.com"]

[Event "Titled Tuesday Blitz May 16 Early 2023"]
[White "Shevtchenko, Olesya"]
[Black "Lesbekova, Assel"]
[WhiteFideId "24131890"]
[BlackFideId "13713248"]
[WhiteElo "2003"]
[BlackElo "1805"]
[Result "0-1"]
[Round "03"]
[TimeControl "180+2"]
[Date "2023.05.16"]
[WhiteClock "0:00:04"]
[BlackClock "0:00:39"]

1. e4 c5 2. Nc3 e6 3. Nf3 a6 4. d4 cxd4 5. Nxd4 b5 6. Bd3 Bb7 7. O-O Nf6 8. e5 Nd5 9. Nxd5 Bxd5 10. a4 b4 11. c4 bxc3 12. bxc3 Nc6 13. Re1 Bc5 14. Qg4 Qa5 15. Nxc6 Bxc6 16. Bd2 h5 17. Qg5 Be7 18. Qxg7 O-O-O 19. Qxf7 Bc5 20. Be3 Rdf8 21. Qg7 Rhg8 22. Qh6 Rxg2+ 23. Kf1 Bf3 24. Rab1 Rfg8 25. Bg5 R2xg5 26. Qxg5 Rxg5 27. Rb3 Rg2 28. Reb1 Rxf2+ 29. Ke1 Ba7 30. Rb4 Qxe5+ 31. Be4 Qxc3# 0-1


[Site "https://www.chess.com"]

[Event "Titled Tuesday Blitz May 16 Early 2023"]
[White "Tasev, Dejan"]
[Black "Jodorcovsky Werjivker, Paulo"]
[WhiteFideId "936618"]
[BlackFideId "3700305"]
[WhiteElo "2244"]
[BlackElo "2120"]
[Result "1-0"]
[Round "03"]
[TimeControl "180+2"]
[Date "2023.05.16"]
[WhiteClock "0:00:07"]
[BlackClock "0:00:00"]

1. e4 e5 2. Nf3 Nc6 3. Bb5 a6 4. Ba4 Nf6 5. O-O Be7 6. Re1 b5 7. Bb3 O-O 8. c3 d5 9. exd5 Nxd5 10. Nxe5 Nxe5 11. Rxe5 c6 12. d4 Bd6 13. Re1 Qh4 14. g3 Qh3 15. Be3 Bg4 16. Qd3 Rae8 17. Nd2 Re6 18. Qf1 Qh5 19. a4 b4 20. Qg2 bxc3 21. bxc3 Rfe8 22. Bxd5 cxd5 23. Rab1 Rc8 24. c4 dxc4 25. d5 Re7 26. Rec1 c3 27. Ne4 c2 28. Nxd6 cxb1=Q 29. Rxb1 Rd8 30. Nb7 Rxb7 31. Rxb7 Bf3 32. Qf1 Qxd5 33. Rb1 Qh5 34. h4 h6 35. Kh2 Qg4 36. Qh3 Qe4 37. Re1 Bg4 38. Qg2 Bf3 39. Qf1 Rd3 40. Rc1 Kh7 41. Re1 Qf5 42. Bc1 Rd4 43. Be3 Re4 44. Qxa6 Bg4 45. Qf1 Qf3 46. a5 Qf5 47. a6 Ra4 48. a7 Bf3 49. Qh3 Qd5 50. Qc8 Ra5 51. Qc2+ Qe4 52. Qxe4+ Bxe4 53. Bb6 Ra4 54. Rxe4 1-0


[Site "https://www.chess.com"]

[Event "Titled Tuesday Blitz May 16 Early 2023"]
[White "Garrido, Denis"]
[Black "Altman, Joshua"]
[WhiteFideId "601217"]
[BlackFideId "426210"]
[WhiteElo "2267"]
[BlackElo "2028"]
[Result "1-0"]
[Round "03"]
[TimeControl "180+2"]
[Date "2023.05.16"]
[WhiteClock "0:02:06"]
[BlackClock "0:01:21"]

1. e4 e6 2. d4 d5 3. exd5 exd5 4. Nf3 Nf6 5. Bd3 Bd6 6. O-O O-O 7. h3 h6 8. Nc3 c6 9. Ne5 Nbd7 10. Bf4 Qc7 11. Re1 Re8 12. Qf3 Nxe5 13. dxe5 Bxe5 14. Rxe5 Rxe5 15. Qg3 Nd7 16. Bxh6 Re1+ 17. Rxe1 Qxg3 18. Re8+ Nf8 19. fxg3 gxh6 20. Bf5 d4 21. Ne2 Bxf5 22. Rxa8 Bxc2 23. Nxd4 Be4 24. Rxa7 c5 25. Ne2 Ne6 26. Kf2 b5 27. b3 Kg7 28. a4 b4 29. a5 Bd5 30. Nc1 Nd4 31. Rc7 Ne6 32. Rd7 Bc6 33. Rd6 Nd4 34. a6 Kf8 35. a7 Ke7 36. Rxc6 Nxc6 37. a8=Q Nd4 38. Qd5 Ne6 39. Nd3 Nd4 40. Qxc5+ Kf6 41. Qxd4+ Kg6 42. Nxb4 Kh7 43. Nd3 f6 44. b4 h5 45. b5 h4 46. Qxh4+ Kg7 47. b6 f5 48. b7 f4 49. Qxf4 Kg6 50. b8=Q Kh5 51. Qh8+ Kg6 52. Qff6# 1-0


[Site "https://www.chess.com"]

[Event "Titled Tuesday Blitz May 16 Early 2023"]
[White "Boder, Jan"]
[Black "Gontcharov, Vladislav"]
[WhiteFideId "16243226"]
[BlackFideId "4123492"]
[WhiteElo "2241"]
[BlackElo "2420"]
[Result "0-1"]
[Round "03"]
[TimeControl "180+2"]
[Date "2023.05.16"]
[WhiteClock "0:00:37"]
[BlackClock "0:01:48"]

1. e4 e6 2. d4 d5 3. exd5 exd5 4. Bd3 Nc6 5. c3 Bd6 6. Nf3 Nge7 7. O-O Bg4 8. h3 Bh5 9. Re1 Bg6 10. b4 O-O 11. a4 Bxd3 12. Qxd3 Ng6 13. g3 Qd7 14. Kg2 Rae8 15. b5 Na5 16. Ba3 Rxe1 17. Nxe1 Re8 18. Nd2 Bxa3 19. Nef3 Bd6 20. Re1 Rxe1 21. Nxe1 h6 22. f4 c6 23. Nef3 Bxf4 24. Nf1 Bd6 25. Ne3 Qe6 26. Nf5 Nc4 27. h4 Qxf5 28. Qxf5 Ne3+ 0-1


[Site "https://www.chess.com"]

[Event "Titled Tuesday Blitz May 16 Early 2023"]
[White "Thecourseoisildur"]
[Black "mjelcic"]
[WhiteElo "2551"]
[BlackElo "2249"]
[Result "1-0"]
[Round "03"]
[TimeControl "180+2"]
[Date "2023.05.16"]
[WhiteClock "0:00:53"]
[BlackClock "0:00:22"]

1. e4 g6 2. d4 Bg7 3. Nc3 d6 4. Bf4 Nd7 5. Qd2 a6 6. Nf3 b5 7. a4 b4 8. Nd5 a5 9. c3 c6 10. Ne3 bxc3 11. Qxc3 Qb6 12. Rc1 c5 13. Nd5 Qa7 14. Bb5 Ba6 15. Bxa6 e6 16. Bb5 exd5 17. exd5 cxd4 18. Qc6 Ne7 19. Qxd6 Nf5 20. Qc7 Qxc7 21. Rxc7 Rd8 22. O-O Ne7 23. Re1 Bf6 24. d6 1-0


[Site "https://www.chess.com"]

[Event "Titled Tuesday Blitz May 16 Early 2023"]
[White "koncheto"]
[Black "Wimalasuriya, Kasun M."]
[BlackFideId "9906789"]
[WhiteElo "2550"]
[BlackElo "2240"]
[Result "1-0"]
[Round "03"]
[TimeControl "180+2"]
[Date "2023.05.16"]
[WhiteClock "0:02:15"]
[BlackClock "0:02:14"]

1. e4 c5 2. Nf3 Nc6 3. d4 cxd4 4. Nxd4 e5 5. Nb3 Nf6 6. f3 d5 7. Bg5 d4 8. c3 Be7 9. Bb5 dxc3 10. Qxd8+ Bxd8 11. Nxc3 Bd7 12. O-O-O a6 13. Be2 Rc8 14. Nc5 Rc7 15. Bxf6 Bxf6 16. Nd5 Rc8 17. Nb6 1-0


[Site "https://www.chess.com"]

[Event "Titled Tuesday Blitz May 16 Early 2023"]
[White "Fiorito, Joaquin"]
[Black "Da Matta, Eduardo Cesar"]
[WhiteFideId "180173"]
[BlackFideId "2193108"]
[WhiteElo "2157"]
[BlackElo "1981"]
[Result "1-0"]
[Round "03"]
[TimeControl "180+2"]
[Date "2023.05.16"]
[WhiteClock "0:01:38"]
[BlackClock "0:00:42"]

1. d4 d5 2. c4 c6 3. Nc3 Nf6 4. Nf3 dxc4 5. a4 Bf5 6. Ne5 e6 7. Nxc4 Bb4 8. e3 O-O 9. f3 Bg6 10. e4 Nbd7 11. Be3 Qe7 12. Be2 e5 13. dxe5 Nxe5 14. Nxe5 Qxe5 15. Qd4 Qe7 16. O-O Rfd8 17. Qc4 a6 18. a5 Nd7 19. Ra4 Bd6 20. f4 Nc5 21. f5 Nxa4 22. Qxa4 Qh4 23. e5 Qxa4 24. Nxa4 Bxe5 25. fxg6 hxg6 26. Bc4 Bf6 27. Nb6 Rab8 28. Bf4 Bd4+ 29. Kh1 Bxb6 30. Bxb8 Bxa5 1-0


[Site "https://www.chess.com"]

[Event "Titled Tuesday Blitz May 16 Early 2023"]
[White "Kleiman, Jake"]
[Black "Kiseljova, Marya"]
[WhiteFideId "2020041"]
[BlackFideId "4155009"]
[WhiteElo "2546"]
[BlackElo "1831"]
[Result "1-0"]
[Round "03"]
[TimeControl "180+2"]
[Date "2023.05.16"]
[WhiteClock "0:00:12"]
[BlackClock "0:00:00"]

1. e4 c5 2. c3 Nf6 3. e5 Nd5 4. Bc4 Qc7 5. Nf3 e6 6. O-O Nc6 7. d4 Nb6 8. Bb3 d6 9. dxc5 dxc5 10. Qe2 Be7 11. Nbd2 Bd7 12. Re1 O-O-O 13. a4 Na5 14. Bc2 Bc6 15. Ne4 h6 16. Bf4 g5 17. Nd6+ Kb8 18. Bg3 Rhf8 19. b4 cxb4 20. cxb4 Bxf3 21. gxf3 Nc6 22. Qe4 Nd5 23. b5 Na5 24. Rac1 Qb6 25. Bb1 h5 26. h3 h4 27. Bh2 Nb3 28. Rc4 Na5 29. Rc2 Nf4 30. Nc4 Nxc4 31. Qxc4 Nxh3+ 32. Kg2 Nf4+ 33. Kh1 Rc8 34. Qe4 Rxc2 35. Qxc2 Rc8 36. Qd2 Qc7 37. Be4 Qc3 38. Qd1 Qc4 39. Bxf4 gxf4 40. Qd7 Qc7 41. Qd2 Rg8 42. Qxf4 Qd8 43. Qxf7 Rf8 44. Qxe6 Rg8 45. Rg1 Rxg1+ 46. Kxg1 Qd1+ 47. Kg2 Qd8 48. Qd5 Qd7 49. Qxd7 1-0


[Site "https://www.chess.com"]

[Event "Titled Tuesday Blitz May 16 Early 2023"]
[White "Mathieu, Phileas"]
[Black "Jaivardhan Raj"]
[WhiteFideId "36048410"]
[BlackFideId "25744437"]
[WhiteElo "2241"]
[BlackElo "1772"]
[Result "1-0"]
[Round "03"]
[TimeControl "180+2"]
[Date "2023.05.16"]
[WhiteClock "0:01:01"]
[BlackClock "0:00:46"]

1. e4 c5 2. Nf3 e6 3. g3 Nc6 4. Bg2 b6 5. O-O Bb7 6. d3 Qc7 7. Qe2 Nf6 8. e5 Nd5 9. c4 Ndb4 10. a3 Na6 11. Nc3 d6 12. Bf4 dxe5 13. Nxe5 Nd4 14. Qd1 Bxg2 15. Kxg2 Bd6 16. Re1 Qb7+ 17. f3 f6 18. Ng4 Bxf4 19. gxf4 h5 20. Ne3 O-O-O 21. f5 Nc7 22. b4 cxb4 23. axb4 exf5 24. Ned5 Nce6 25. Qa4 Kb8 26. Nb5 Nf4+ 27. Nxf4 Qxf3+ 28. Kg1 Nc6 29. Nxa7 Nxa7 30. Qxa7+ Kc8 31. Qa8+ Qxa8 32. Rxa8+ Kb7 33. Rxd8 Rxd8 34. Re7+ Kc6 35. Rxg7 Rd4 36. b5+ Kc5 37. Ne6+ 1-0


[Site "https://www.chess.com"]

[Event "Titled Tuesday Blitz May 16 Early 2023"]
[White "Brown, Raehanna"]
[Black "Loiacono, Antonio"]
[WhiteFideId "7402740"]
[BlackFideId "895415"]
[WhiteElo "1655"]
[BlackElo "2257"]
[Result "1-0"]
[Round "03"]
[TimeControl "180+2"]
[Date "2023.05.16"]
[WhiteClock "0:00:05"]
[BlackClock "0:00:38"]

1. c4 Nf6 2. Nc3 b6 3. d4 Bb7 4. Nf3 e6 5. Bd2 Be7 6. g3 O-O 7. Bg2 Ne4 8. Nxe4 Bxe4 9. O-O d6 10. Bc3 Bf6 11. Nd2 Bxg2 12. Kxg2 d5 13. cxd5 Qxd5+ 14. e4 Qd7 15. Nf3 Nc6 16. Qa4 Rfd8 17. Rad1 Nb8 18. Qb3 a5 19. a4 Na6 20. Rd2 Qc6 21. d5 exd5 22. exd5 Qd6 23. Rfd1 Nc5 24. Qc2 Bxc3 25. bxc3 Qg6 26. Qxg6 hxg6 27. Rd4 Rd6 28. Ne5 Rad8 29. Nc4 Rf6 30. Ne5 Kf8 31. f4 Rf5 32. Nc6 Rd6 33. Ne5 g5 34. Nc4 Rd8 35. Ne3 Rf6 36. fxg5 Rfd6 37. Nc4 Rg6 38. h4 Nxa4 39. Ne5 Nxc3 40. Nxg6+ fxg6 41. Rc1 Ne2 42. Rf1+ Kg8 43. Rc4 Rxd5 44. Rxc7 Nd4 45. Rc8+ Kh7 46. Rff8 Rd8 47. Rcxd8 Nf5 48. Rh8# 1-0


[Site "https://www.chess.com"]

[Event "Titled Tuesday Blitz May 16 Early 2023"]
[White "dDobravcan"]
[Black "Danielyan, Vahe"]
[BlackFideId "13304828"]
[WhiteElo "2131"]
[BlackElo "2423"]
[Result "0-1"]
[Round "03"]
[TimeControl "180+2"]
[Date "2023.05.16"]
[WhiteClock "0:00:00"]
[BlackClock "0:02:18"]

1. d4 d5 2. Nc3 Nf6 3. Bf4 Bf5 4. f3 e6 5. e3 h6 6. g4 Bh7 7. Bd3 Bxd3 8. Qxd3 Nc6 9. O-O-O Bd6 10. Nge2 Qe7 11. h4 O-O-O 12. g5 Nd7 13. Bxd6 Qxd6 14. e4 Nb6 15. f4 Nb4 16. Qf3 Nc4 17. a3 Nc6 18. f5 Nxa3 19. e5 Qe7 20. f6 gxf6 21. gxf6 Qf8 22. bxa3 Qxa3+ 23. Kd2 Qb4 24. Qd3 Rhg8 25. Rb1 Qa5 26. Rb5 Qa6 27. Rhb1 Na5 28. Ke3 Nc4+ 29. Kf2 b6 30. R5b3 Rg4 0-1


[Site "https://www.chess.com"]

[Event "Titled Tuesday Blitz May 16 Early 2023"]
[White "surrenderPLS"]
[Black "Sanchez, Robert"]
[BlackFideId "2034360"]
[WhiteElo "2538"]
[BlackElo "1857"]
[Result "0-1"]
[Round "03"]
[TimeControl "180+2"]
[Date "2023.05.16"]
[WhiteClock "0:02:53"]
[BlackClock "0:02:44"]

1. e4 e6 2. d4 d5 3. Nc3 Nf6 4. e5 Ne4 5. Nxe4 dxe4 6. Ne2 c5 7. c3 Nc6 8. g3 cxd4 9. cxd4 Bb4+ 10. Bd2 Nxd4 11. Bxb4 Nf3# 0-1


[Site "https://www.chess.com"]

[Event "Titled Tuesday Blitz May 16 Early 2023"]
[White "Molina, Roberto Junio Brito"]
[Black "Maluco_do_Natal_00"]
[WhiteFideId "2109450"]
[WhiteElo "2376"]
[BlackElo "2018"]
[Result "1-0"]
[Round "03"]
[TimeControl "180+2"]
[Date "2023.05.16"]
[WhiteClock "0:02:05"]
[BlackClock "0:00:00"]

1. e4 c5 2. b4 cxb4 3. a3 Nc6 4. axb4 d6 5. b5 Ne5 6. d4 Ng6 7. h4 h5 8. Be2 Nf6 9. Nc3 e6 10. Nf3 Be7 11. Bg5 a6 12. e5 Nd5 13. Nxd5 exd5 14. Bxe7 Qxe7 15. exd6 Qxd6 16. O-O Bg4 17. Re1 O-O 18. Ne5 Nxe5 19. dxe5 Qe6 20. Bxg4 Qxg4 21. Qxd5 Qxh4 22. Qxb7 Rae8 23. bxa6 Re6 24. a7 Rg6 25. a8=Q 1-0


[Site "https://www.chess.com"]

[Event "Titled Tuesday Blitz May 16 Early 2023"]
[White "Omariev, Maksim"]
[Black "Panesar Vedant"]
[WhiteFideId "4193423"]
[BlackFideId "35033018"]
[WhiteElo "2409"]
[BlackElo "2347"]
[Result "0-1"]
[Round "03"]
[TimeControl "180+2"]
[Date "2023.05.16"]
[WhiteClock "0:00:03"]
[BlackClock "0:02:00"]

1. e4 e5 2. Nf3 Nc6 3. Bb5 a6 4. Ba4 d6 5. O-O Bd7 6. c3 g6 7. d4 Bg7 8. d5 Nce7 9. c4 b5 10. Bb3 f5 11. Ng5 Nf6 12. c5 O-O 13. Nc3 b4 14. Ne2 h6 15. cxd6 cxd6 16. Ne6 Bxe6 17. dxe6 Nxe4 18. Ng3 Nxg3 19. hxg3 d5 20. Bd2 Qd6 21. a3 bxa3 22. bxa3 Qxe6 23. Bb4 Rad8 24. Bxe7 Qxe7 25. Bxd5+ Kh7 26. Qb3 e4 27. Rad1 Rb8 28. Qa4 Rf6 29. Rfe1 Rd6 30. Bc4 Rb2 31. Bxa6 Rxd1 32. Rxd1 Qa7 33. Rf1 Bd4 34. Bb5 Bxf2+ 35. Kh2 Qxa4 36. Bxa4 e3 37. Bd1 e2 38. Rxf2 exd1=Q 39. Rxb2 h5 40. Rb4 Qd6 41. Ra4 Kh6 42. Kh3 Kg5 43. Rb4 Qd3 44. Ra4 h4 45. Rxh4 Qxa3 46. Rf4 Kf6 47. Rh4 g5 48. Rd4 Ke5 49. Rd1 g4+ 50. Kh2 Qc3 51. Rf1 Qd2 52. Kg1 Qd3 53. Kf2 Ke4 54. Re1+ Kd4 55. Re2 Qd1 56. Re1 Qb3 57. Re2 Qb6 58. Kg1 Kd3+ 59. Rf2 Qd4 60. Kf1 Qa1# 0-1


[Site "https://www.chess.com"]

[Event "Titled Tuesday Blitz May 16 Early 2023"]
[White "Kohler, Aran"]
[Black "bubeliang"]
[WhiteFideId "1002856"]
[WhiteElo "2398"]
[BlackElo "2607"]
[Result "0-1"]
[Round "03"]
[TimeControl "180+2"]
[Date "2023.05.16"]
[WhiteClock "0:00:05"]
[BlackClock "0:00:06"]

1. d4 Nf6 2. c3 g6 3. Bg5 Bg7 4. Nd2 d5 5. e3 O-O 6. Bd3 c5 7. f4 Nc6 8. Ngf3 Bf5 9. Bxf5 gxf5 10. Ne5 Ne4 11. Nxe4 fxe4 12. Nxc6 bxc6 13. dxc5 Rb8 14. Qe2 Qa5 15. O-O Qxc5 16. Rac1 Rb7 17. Rc2 f6 18. Bh4 Rfb8 19. Rfc1 f5 20. b3 a5 21. c4 d4 22. exd4 Qxd4+ 23. Bf2 Qd6 24. c5 Qxf4 25. Bg3 Qg5 26. Bxb8 Rxb8 27. Rc4 Rd8 28. Rd1 Rxd1+ 29. Qxd1 Be5 30. g4 Qe3+ 31. Kg2 Qf4 32. Qd8+ Kf7 33. gxf5 Qxh2+ 34. Kf1 Qh1+ 35. Ke2 Qf3+ 36. Ke1 Bg3+ 37. Kd2 e3+ 38. Kc2 e2 39. Qh8 Qxf5+ 40. Kb2 Be5+ 0-1


[Site "https://www.chess.com"]